 Dungeon Crawl Stone Soup version 0.30-a0-800-g7c544603b3 (webtiles) character file.

Game seed: 4117925322261471367

9 sircluck the Sneak (level 2, -3/17 HPs)
             Began as a Kobold Brigand on Feb 22, 2023.
             Slain by Jessica
             ... wielding a +0 club
              (4 damage)
             ... on level 2 of the Dungeon.
             The game lasted 00:00:42 (263 turns).

sircluck the Sneak (Kobold Brigand)                  Turns: 263, Time: 00:00:43

Health: -3/17      AC:  3    Str:  8    XL:     2   Next: 20%
Magic:  2/2        EV: 14    Int: 12    God:
Gold:   10         SH:  0    Dex: 16    Spells: 1/1 levels left

rFire   . . .      SeeInvis .    a - +2 dagger
rCold   . . .      Faith    .    (no shield)
rNeg    . . .      Spirit   .    b - +0 robe
rPois   .          Reflect  .    (no helmet)
rElec   .          Harm     .    c - +0 cloak
rCorr   .          Rampage  .    (no gloves)
Will    .....                    (no boots)
Stlth   ++++                     (no amulet)
HPRegen 0.22/turn                (no ring)
MPRegen 0.08/turn                (no ring)

@: no status effects
A: small, no large weapons, nightstalker 3
a: no special abilities


You were on level 2 of the Dungeon.
You visited 1 branch of the dungeon, and saw 2 of its levels.

You collected 10 gold pieces.

Inventory:

Hand Weapons
 a - a +2 dagger (weapon)
Missiles
 d - 6 poisoned darts (quivered)
 e - 3 curare-tipped darts
Armour
 b - a +0 robe (worn)
 c - a +0 cloak (worn)
Potions
 f - 2 potions of curing {unknown}


   Skills:
 + Level 2.2 Fighting
 + Level 2.8 Short Blades
 + Level 2.3 Throwing
 + Level 1.3 Dodging
 + Level 5.8 Stealth


You had one spell level left.
You didn't know any spells.
Your spell library was empty.

Dungeon Overview and Level Annotations

Branches:
Dungeon (2/15)

Altars:

Annotations:
D:2 Jessica


Innate Abilities, Weirdness & Mutations

You are small and have problems with some larger weapons.
You are completely attuned to the shadows.


Message History

You hear a shout!
The kobold throws a stone.
The stone misses you.
You hear a shout! x2
You see here 10 gold pieces.
You now have 10 gold pieces.
The ball python closely misses you. The ball python misses you.
Jessica closely misses you. The ball python bites you.
The ball python grabs you. The ball python constricts you.
You hit the ball python.
You kill the ball python!
Jessica closely misses you.
You hit Jessica.
Jessica is lightly wounded.
The kobold closely misses you. Jessica misses you.
You barely miss Jessica.
Jessica is lightly wounded.
The kobold hits you with a +0 club. Jessica closely misses you.
You hit Jessica.
Jessica is moderately wounded.
The kobold closely misses you. Jessica misses you.
You completely miss Jessica.
Jessica is moderately wounded.
The kobold hits you with a +0 club.
Jessica mumbles some strange words.
Jessica blinks!
You are too injured to fight recklessly!
Throw: 7 darts (poison)
Press: ? - help, Q - select action, (/) - cycle Shift-Dir - straight line, f - Jessica
Aim: Jessica, wielding a +0 club and wearing a +0 robe (moderately wounded, 62% to hit)
You throw a poisoned dart.
The poisoned dart closely misses Jessica.
You hit the kobold.
The kobold is moderately wounded.
The kobold hits you with a +0 club.
You hit the kobold but do no damage.
The kobold is moderately wounded.
The kobold closely misses you. Jessica hits you with a +0 club.
* * * LOW HITPOINT WARNING * * *
Jessica attacks as you move away! Jessica hits you with a +0 club.
You die...

......###..
..........[
###.........
....K......(
.####.@@......
..............#
#.#.##...†....#
#.#....########
#..........
.####.##.####
......##.#
#####.##.#
#......#


You could see Jessica and a kobold.

Vanquished Creatures
  A ball python (D:2)
  A goblin (D:1)
  A hobgoblin (D:2)
  A bat (D:1)
  2 frilled lizards (D:1)
  3 kobolds (D:1)
9 creatures vanquished.

Vanquished Creatures (others)
  A toadstool (D:1)
1 creature vanquished.

Grand Total: 10 creatures vanquished

Notes
Turn   | Place    | Note
-------+----------+-------------------------------------------
     0 | D:1      | sircluck the Kobold Brigand began the quest for the Orb.
     0 | D:1      | Reached XP level 1. HP: 12/12 MP: 1/1
   202 | D:1      | Reached XP level 2. HP: 17/17 MP: 2/2
   248 | D:2      | Noticed Jessica
   263 | D:2      | Slain by Jessica

Illustrated notes

Levels and vault maps discovered:
D:1:      ldierk_walled_garden_2, layout_basic
D:2:      layout_basic, basic_altar, uniq_jessica, uniq_crazy_yiuf_cottage

Action                     || total
---------------------------++-------
  Melee: Dagger            ||    18
         Punch             ||     1
  Throw: Dart              ||    16
 Armour: Robe              ||     3
  Dodge: Dodged            ||    21

Table legend: (Time is in decaauts)
 A = Elapsed time spent in this place.
 B = Non-inter-level travel time spent in this place.
 C = Inter-level travel time spent in this place.
 D = Time resting spent in this place.
 E = Time spent auto-exploring this place.
 F = Levels seen in this place.
 G = Mean time per level.
                   A        B        C        D        E       F      G
               +--------+--------+--------+--------+--------+-----+--------+
         Total |    258 |    255 |      3 |      0 |    171 |   2 |  129.0 |
       Dungeon |    258 |    255 |      3 |      0 |    171 |   2 |  129.0 |
               +--------+--------+--------+--------+--------+-----+--------+

Top non-repeatable levels by time:
     D:1: 223 daAuts
     D:2: 35 daAuts
